 Dungeon Crawl Stone Soup version 0.30-a0-782-ge64f9170bb (webtiles) character file.

Game seed: 8120367791516191690

10289 kae the Destroyer (level 11, -7/65 HPs)
             Began as a Gargoyle Earth Elementalist on Mar 13, 2023.
             Was a Believer of Vehumet.
             Engulfed by an ice statue's freezing vapour (16 damage)
             ... in a Gauntlet.
             The game lasted 00:11:08 (11220 turns).

kae the Destroyer (Gargoyle Earth Elementalist)    Turns: 11220, Time: 00:11:09

Health: -7/65      AC: 13    Str: 12    XL:     11   Next: 59%
Magic:  7/30       EV: 13    Int: 20    God:    Vehumet [**....]
Gold:   634        SH:  0    Dex: 10    Spells: 14/24 levels left

rFire   + . .      SeeInvis .    m - +2 whip (elec)
rCold   . . .      Faith    .    (no shield)
rNeg    + . .      Spirit   .    J - +2 robe {rF+}
rPois   ∞          Reflect  .    w - +0 helmet
rElec   +          Harm     .    y - scarf {repulsion}
rCorr   .          Rampage  .    (no gloves)
Will    .....      NoTele   +    (no boots)
Stlth   ++                       g - amulet of regeneration
HPRegen 1.10/turn                W - ring of magical power
MPRegen 0.22/turn                (no ring)

@: repel missiles
A: sickness immunity, AC +8, negative energy resistance 1, electricity
resistance, torment resistance 1, petrification resistance
a: Renounce Religion


You were in a Gauntlet.
You worshipped Vehumet.
Vehumet was pleased with you.
You visited 3 branches of the dungeon, and saw 12 of its levels.
You also visited: Gauntlet.

You collected 634 gold pieces.


Innate Abilities, Weirdness & Mutations

You are immune to sickness and miasma.
Your stone body is resilient. (AC +8)
You are immune to poison.
You resist negative energy. (rN+)
You are resistant to electric shocks. (rElec)
You are resistant to unholy torment.
You are immune to petrification.


   Skills:
 + Level 6.3 Fighting
 + Level 6.3 Armour
 + Level 5.2 Dodging
 - Level 2.1 Stealth
 - Level 7.0 Spellcasting
 - Level 11.0 Conjurations
 - Level 0.7 Transmutations
 - Level 10.0 Earth Magic


You had 14 spell levels left.
You knew the following spells:

 Your Spells              Type           Power      Damage    Failure   Level
a - Sandblast             Erth           94%        2d19      1%          1
b - Stone Arrow           Conj/Erth      98%        3d13      1%          3
c - Passwall              Tmut/Erth      23%        N/A       1%          2
d - Petrify               Tmut/Erth      28%        N/A       10%         4

Your spell library contained the following spells:

 Spells                   Type           Power      Damage    Failure   Level
 Frozen Ramparts          Ice            14%        1d3       28%         3
 Momentum Strike          Conj/Tloc      58%        3d9       1%          2
 Beastly Appendage        Tmut           18%        N/A       7%          1
 Wereblood                Tmut           9%         N/A       11%         2
 Blink                    Tloc           14%        N/A       14%         2
 Ensorcelled Hibernation  Hex/Ice        14%        N/A       14%         2
 Lesser Beckoning         Tloc           14%        N/A       14%         2
 Spider Form              Tmut/Pois      8%         N/A       24%         3
 Swiftness                Air            7%         N/A       28%         3
 Anguish                  Hex/Necr       3%         N/A       67%         4

Inventory:

Hand Weapons
 j - a +0 whip
   (You found it on level 1 of the Dungeon)
 m - a +2 whip of electrocution (weapon)
   (You found it on level 1 of the Dungeon)
 I - a +2 whip of freezing
   (You took it off Pikel on level 8 of the Dungeon)
Missiles
 c - 3 atropa-tipped darts
 d - 19 boomerangs
 o - 110 stones
 s - 4 javelins
 v - 3 throwing nets {=f!f}
 E - 24 poisoned darts
Armour
 w - a +0 helmet (worn)
   (You found it on level 3 of the Dungeon)
 y - a scarf of repulsion (worn)
   (You found it on level 8 of the Dungeon)
 J - a +2 robe of fire resistance (worn)
   (You took it off an orc wizard on level 7 of the Dungeon)
Jewellery
 g - an amulet of regeneration (around neck)
   (You found it on level 2 of the Dungeon)
 F - a ring of fire
   (You found it on level 10 of the Dungeon)
 W - a ring of magical power (left hand)
   (You found it on level 2 of the Dungeon)
Wands
 a - a wand of paralysis (8)
   (You found it on level 8 of the Dungeon)
 l - a wand of polymorph (22)
   (You found it on level 2 of the Dungeon)
 n - a wand of flame (6)
   (You took it off Jessica on level 2 of the Dungeon)
 t - a wand of iceblast (19)
   (You found it on level 3 of the Dungeon)
 G - a wand of mindburst (17)
   (You took it off an orc on level 8 of the Dungeon)
Scrolls
 f - 2 scrolls of vulnerability {!r!r}
 r - 4 scrolls of poison
 x - a scroll of identify {@r1}
 B - 2 scrolls of fog
Potions
 b - a potion of magic
 e - 5 potions of heal wounds {@q2}
 h - a potion of berserk rage {unknown}
 i - 8 potions of curing {@q1}
 k - 5 potions of might {unknown}
 p - 2 potions of cancellation
 q - 2 potions of resistance {unknown}
 u - 3 potions of flight
 z - 4 potions of haste {@q3}
 A - 3 potions of invisibility
 C - a potion of brilliance {unknown}
 D - 4 potions of attraction {!q}
 H - 2 potions of mutation {!q}

Dungeon Overview and Level Annotations

Branches:
Dungeon (10/15) Zot: 26147  Temple (1/1) D:7 Zot: 5636    Lair (1/5) D:10 Zot: 5516
Gauntlet (1/1) Zot: 5731
    Orc: D:9-12

Altars:
Ashenzari
Cheibriados
Dithmenos
Elyvilon
Fedhas
Gozag
Hepliaklqana
Kikubaaqudgha
Makhleb
Nemelex Xobeh
Okawaru
Qazlal
Ru
Sif Muna
Trog
Uskayaw
Vehumet
Wu Jian
Xom
Yredelemnul
Zin
The Shining One

Annotations:
D:2 1 runed translucent door, Crazy Yiuf Gauntlet 13 transporters, 2 runed translucent doors, exclusion: ice statue

#≈≈...♣...≈≈# #≈..∩...∩..≈#
####.....©.....####
#≈≈..#########..≈≈#
#≈...##..#.#.#...≈#
####..♣.#○##.#.##.♣..####
#≈≈..PP.##°.##○##.P...≈≈#
#≈..♣PP.##☼#§8#.#...♣..≈#
####..PP...#.#@☼##.#..P.P..####
#≈≈..♣P..♣.#.###○.##.♣PP.♣..≈≈#
#≈.........##..©}○##.........≈#
###...#######################...#
≈≈....#©.........©.........©#....
≈..#############################.
...#.5...54#...........#.#....Q#.
.♣.#.#####5#..P#≈#≈#...#.#..##.#.
.P.#...#5..#.P.≈≈≈≈≈PP.#..##..##.


You could see an ice statue and 2 white imps.


Message History

Your hp is fully restored (65).
You start resting.
The white imp shouts, "Embrace submission, thou pecksniffian roguish mammet!"
The white imp grinds its teeth.
The white imp shouts, "Begone, thou unctious flap-mouthed clotpole!"
The white imp summons a swarm of flies.
The white imp spits at you. The white imp puffs mist at you.
The white imp shouts, "Take thy face hence, thou jarring fat-kidneyed gudgeon!" 😎 MP[+14]
You regained 14 mp, and now have 25/30 mp.
You start resting.
The white imp shouts, "Crawl home, thou goatish weather-bitten pissant!" 😎 MP[+5]
Your mp is fully restored (30).
Really walk into a travel-excluded area?
Casting: Stone Arrow (safe; 1% risk of failure)
Confirm with . or Enter, or press ? or * to list all spells.
Aiming: Stone Arrow (safe; 1% risk of failure)
Press: ? - help, Shift-Dir - straight line, f - ice statue
Aim: an ice statue (100% to hit)
The stone arrow hits the ice statue!
The ice statue gestures. 😎 MP[-3]
You lost 3 mp, and now have 27/30 mp.
Casting: Stone Arrow (safe; 1% risk of failure)
Confirm with . or Enter, or press ? or * to list all spells.
Aiming: Stone Arrow (safe; 1% risk of failure)
Press: ? - help, Shift-Dir - straight line, f/p - ice statue
Aim: an ice statue (lightly damaged, 100% to hit)
The stone arrow hits the ice statue but does no damage.
The ice statue gestures at you.
The bolt of cold hits you!! 😮 HP[-24] MP[-3]
You take 24 damage, and now have 41/65 hp.
MASSIVE DAMAGE!! (PAUSE)
You lost 3 mp, and now have 24/30 mp.
Casting: Stone Arrow (safe; 1% risk of failure)
Confirm with . or Enter, or press ? or * to list all spells.
Aiming: Stone Arrow (safe; 1% risk of failure)
Press: ? - help, Shift-Dir - straight line, f/p - ice statue
Aim: an ice statue (lightly damaged, 100% to hit)
The stone arrow hits the ice statue!! 😮 HP[+1] MP[-3]
You lost 3 mp, and now have 21/30 mp.
Casting: Stone Arrow (safe; 1% risk of failure)
Confirm with . or Enter, or press ? or * to list all spells.
Aiming: Stone Arrow (safe; 1% risk of failure)
Press: ? - help, Shift-Dir - straight line, f/p - ice statue
Aim: an ice statue (heavily damaged, 100% to hit)
The stone arrow hits the ice statue!
The white imp shouts, "Escape, thou surly base-court dewberry!" 😮 HP[+2] MP[-3]
You regained 2 hp, and now have 44/65 hp.
You lost 3 mp, and now have 18/30 mp.
Casting: Stone Arrow (safe; 1% risk of failure)
Confirm with . or Enter, or press ? or * to list all spells.
Aiming: Stone Arrow (safe; 1% risk of failure)
Press: ? - help, Shift-Dir - straight line, f/p - ice statue
Aim: an ice statue (severely damaged, 100% to hit)
The stone arrow hits the ice statue!
The ice statue glitters chillingly in the dim dungeon light. 😮 HP[+1] MP[-2]
You lost 2 mp, and now have 16/30 mp.
Unknown command.
Casting: Stone Arrow (safe; 1% risk of failure)
Confirm with . or Enter, or press ? or * to list all spells.
Aiming: Stone Arrow (safe; 1% risk of failure)
Press: ? - help, Shift-Dir - straight line, f/p - ice statue
Aim: an ice statue (severely damaged, 100% to hit)
The stone arrow hits the ice beast!
The ice statue gestures at you. The freezing blast engulfs you!
The ice beast hits you but does no damage. 😮 HP[-12] MP[-3]
You take 12 damage, and now have 33/65 hp.
You lost 3 mp, and now have 13/30 mp.
Casting: Stone Arrow (safe; 1% risk of failure)
Confirm with . or Enter, or press ? or * to list all spells.
Aiming: Stone Arrow (safe; 1% risk of failure)
Press: ? - help, Shift-Dir - straight line, f/p - ice statue
Aim: an ice statue (freezing vapour, severely damaged, 100% to hit)
The stone arrow hits the ice beast!!
You kill the ice beast!
The ice beast disappears in a puff of smoke!
You are engulfed in freezing vapours.
* * * LOW HITPOINT WARNING * * *
The ice statue gestures at you.
The freezing blast misses you. 😱 HP[-24] MP[-3]
You take 24 damage, and now have 9/65 hp.
MASSIVE DAMAGE!! (PAUSE)
You lost 3 mp, and now have 10/30 mp.
Casting: Stone Arrow (safe; 1% risk of failure)
Confirm with . or Enter, or press ? or * to list all spells.
Aiming: Stone Arrow (safe; 1% risk of failure)
Press: ? - help, Shift-Dir - straight line, f/p - ice statue
Aim: an ice statue (freezing vapour, severely damaged, 100% to hit)
The stone arrow hits the ice statue!
You are engulfed in freezing vapours.
You die...

Skill      XL: |  1  2  3  4  5  6  7  8  9 10 11 |
---------------+----------------------------------+-----
Earth Magic    | 4 5 6 7 8 9 10 | 10.0
Conjurations   | 1 2 3 4 6 8 10 11 | 11.0
Spellcasting   | 3 4 5 6 7 |  7.0
Fighting       | 4 6 |  6.3
Armour         | 4 6 |  6.3
Dodging        | 3 5 |  5.2
Stealth        | |  2.1
Transmutations | |  0.7

Action                     |  1- 3 |  4- 6 |  7- 9 | 10-12 || total
---------------------------+-------+-------+-------+-------++-------
  Melee: Unarmed           |     6 |       |       |       ||     6
         Whip              |       |       |    22 |    21 ||    43
   Cast: Sandblast         |    24 |    78 |    74 |    67 ||   243
         Stone Arrow       |       |     4 |   110 |    88 ||   202
    Use: Scroll            |     2 |     4 |    10 |     5 ||    21
 Armour: Robe              |     3 |    12 |    50 |    62 ||   127
  Dodge: Dodged            |     8 |    20 |    66 |    48 ||   142
         Repelled          |       |       |       |     2 ||     2

Levels and vault maps discovered:
D:1:      zaba_arrival_water, layout_loops_ring,
          hellmonk_ecumenical_altar_leap_of_faith, chequers_big_river
D:2:      layout_loops_ring, basic_altar, uniq_jessica, uniq_crazy_yiuf_cottage
D:3:      layout_rooms, uniq_ijyb
D:4:      layout_cave_pods
D:5:      layout_loops_corners
D:6:      layout_loops_cross, uniq_eustachio
D:7:      layout_basic, gammafunk_temple_overflow_pools,
          minmay_temple_entry_junction, enter_bailey_6,
          kennysheep_generic_room_6
D:8:      layout_basic, cheibriados_altar_1, uniq_pikel
D:9:      layout_rooms, bloody_makhleb
D:10:     layout_small_grid, lair_entry_dummy, kennysheep_generic_room_10
Temple:   eino_narrow_crystal_temple
Lair:1:   layout_regular_city, gauntlet_entry_generic,
          chequers_serial_rivers_large_b
Gauntlet: minmay_gauntlet_77_tree [minmay_gauntlet_arena_77_mess,
          minmay_gauntlet_arena_77_two_paths, minmay_gauntlet_arena_77_squiggly,
          minmay_gauntlet_arena_77_tiled_triplets,
          minmay_gauntlet_arena_77_block_sizes, minmay_gauntlet_arena_77_braids,
          minmay_gauntlet_arena_77_cramped, gauntlet_exit_hidden_loot]

Notes
Turn   | Place    | Note
-------+----------+-------------------------------------------
     0 | D:1      | kae the Gargoyle Earth Elementalist began the quest for the
                  | Orb.
     0 | D:1      | Reached XP level 1. HP: 10/10 MP: 3/3
     0 | D:1      | magus.rc [v1.11.3]
    96 | D:1      | Found a faded altar of an unknown god.
   168 | D:1      | Reached skill level 4 in Earth Magic
   182 | D:1      | Reached XP level 2. HP: 13/15 MP: 0/5
   313 | D:1      | You pick up a book of Changes and begin reading...
   313 | D:1      | You add the spells Beastly Appendage, Wereblood and Spider
                  | Form to your library.
  1019 | D:2      | Reached XP level 3. HP: 19/19 MP: 4/6
  1023 | D:2      | Learned a level 3 spell: Stone Arrow
  1090 | D:2      | Noticed Jessica
  1092 | D:2      | Killed Jessica
  1093 | D:2      | Reached skill level 1 in Conjurations
  1093 | D:2      | Reached skill level 5 in Earth Magic
  1093 | D:2      | Reached XP level 4. HP: 18/24 MP: 4/7
  1149 | D:2      | Found a snail-covered altar of Cheibriados.
  1500 | D:2      | Reached skill level 2 in Conjurations
  1588 | D:2      | Reached XP level 5. HP: 28/28 MP: 6/9
  2216 | D:2      | Found a runed translucent door.
  2217 | D:2      | Noticed Crazy Yiuf
  2396 | D:3      | Noticed Ijyb
  2403 | D:3      | Killed Ijyb
  2404 | D:3      | Reached skill level 3 in Spellcasting
  2924 | D:4      | Reached skill level 3 in Conjurations
  2924 | D:4      | Reached XP level 6. HP: 32/32 MP: 10/10
  3096 | D:4      | Learned a level 2 spell: Passwall
  3101 | D:4      | Learned a level 4 spell: Petrify
  3613 | D:5      | Entered Level 5 of the Dungeon
  3700 | D:5      | Reached skill level 6 in Earth Magic
  3777 | D:5      | Reached skill level 4 in Conjurations
  3982 | D:5      | Reached XP level 7. HP: 36/36 MP: 12/12
  4269 | D:5      | Reached skill level 4 in Spellcasting
  4269 | D:5      | Reached skill level 5 in Conjurations
  4825 | D:6      | Noticed Eustachio
  4912 | D:5      | Reached skill level 7 in Earth Magic
  4938 | D:5      | Killed Eustachio
  4939 | D:5      | Reached skill level 6 in Conjurations
  4939 | D:5      | Reached XP level 8. HP: 38/41 MP: 6/14
  5639 | D:6      | Reached skill level 7 in Conjurations
  5777 | D:6      | Reached skill level 5 in Spellcasting
  6094 | D:7      | Reached skill level 8 in Earth Magic
  6098 | D:7      | Found a staircase to the Ecumenical Temple.
  6114 | D:7      | Reached skill level 8 in Conjurations
  6115 | Temple   | Entered the Ecumenical Temple
  6463 | Temple   | Became a worshipper of Vehumet
  6484 | D:7      | Reached XP level 9. HP: 45/45 MP: 17/17
  6703 | D:7      | Found a shadowy altar of Dithmenos.
  6703 | D:7      | Found a broken altar of Ashenzari.
  7058 | D:7      | You pick up a book of Spatial Translocations and begin
                  | reading...
  7058 | D:7      | You add the spells Blink, Momentum Strike and Lesser
                  | Beckoning to your library.
  7634 | D:8      | Reached skill level 9 in Conjurations
  7766 | D:8      | Reached * piety under Vehumet
  7766 | D:8      | Offered knowledge of Foxfire by Vehumet.
  7769 | D:8      | Reached skill level 6 in Spellcasting
  7948 | D:8      | Reached skill level 9 in Earth Magic
  8116 | D:8      | Found a snail-covered altar of Cheibriados.
  8242 | D:8      | Noticed Pikel
  8271 | D:8      | Killed Pikel
  8272 | D:8      | Reached skill level 10 in Conjurations
  8272 | D:8      | Reached XP level 10. HP: 50/50 MP: 9/20
  8469 | D:9      | Reached skill level 7 in Spellcasting
  8469 | D:9      | Reached skill level 10 in Earth Magic
  8471 | D:9      | Reached skill level 11 in Conjurations
  8698 | D:9      | Reached skill level 1 in Fighting
  8698 | D:9      | Reached skill level 1 in Armour
  8698 | D:9      | Reached skill level 2 in Dodging
  8707 | D:9      | Reached skill level 2 in Fighting
  8707 | D:9      | Reached skill level 2 in Armour
  9010 | D:9      | You pick up a book of Burglary and begin reading...
  9010 | D:9      | You add the spells Ensorcelled Hibernation and Swiftness to
                  | your library.
  9046 | D:9      | Found a burning altar of Makhleb.
  9054 | D:9      | Reached ** piety under Vehumet
  9101 | D:9      | Noticed a two-headed ogre
  9110 | D:9      | Offered knowledge of Scorch by Vehumet.
  9114 | D:9      | Reached skill level 3 in Fighting
  9114 | D:9      | Reached skill level 3 in Armour
  9114 | D:9      | Reached skill level 3 in Dodging
  9136 | D:9      | Killed a two-headed ogre
  9137 | D:9      | Reached skill level 4 in Fighting
  9137 | D:9      | Reached skill level 4 in Armour
  9289 | D:9      | Reached XP level 11. HP: 27/61 MP: 21/21
  9294 | D:9      | Reached skill level 4 in Dodging
  9628 | D:10     | Entered Level 10 of the Dungeon
  9686 | D:10     | Found a staircase to the Lair.
  9693 | D:10     | Reached skill level 5 in Fighting
  9693 | D:10     | Reached skill level 5 in Armour
 10275 | D:10     | Offered knowledge of Frozen Ramparts by Vehumet.
 10475 | Lair:1   | Entered Level 1 of the Lair of Beasts
 10586 | Lair:1   | Reached skill level 6 in Fighting
 10586 | Lair:1   | Reached skill level 6 in Armour
 10618 | Lair:1   | Reached skill level 5 in Dodging
 10861 | Lair:1   | You pick up a book of Dreams and begin reading...
 10942 | Lair:1   | Found a gate leading to a gauntlet.
 10951 | Gauntlet | Entered a Gauntlet
 10951 | Gauntlet | Found a transporter.
 10959 | Gauntlet | Found a transporter.
 10961 | Gauntlet | Found a transporter.
 10965 | Gauntlet | Noticed a tengu warrior
 10974 | Gauntlet | Found a transporter.
 10975 | Gauntlet | Found a transporter.
 10979 | Gauntlet | Noticed a cacodemon
 10980 | Gauntlet | Found a runed translucent door.
 10983 | Gauntlet | Found a runed translucent door.
 10986 | Gauntlet | Found a transporter.
 10999 | Gauntlet | Noticed a fire crab
 11002 | Gauntlet | Found a transporter.
 11014 | Gauntlet | Found a transporter.
 11019 | Gauntlet | Found a transporter.
 11019 | Gauntlet | Found a transporter.
 11042 | Gauntlet | Found a transporter.
 11042 | Gauntlet | Found a transporter.
 11067 | Gauntlet | Found a transporter.
 11084 | Gauntlet | Found a transporter.
 11219 | Gauntlet | HP: 8/65 [ice statue] (25)]
 11220 | Gauntlet | Engulfed by an ice statue's freezing vapour

Vanquished Creatures
  A two-headed ogre (D:9)
  Pikel (D:8)
  A cane toad (Lair:1)
  A gargoyle (D:10)
  An unseen horror (D:9)
  2 rime drakes (Gauntlet)
  A kobold demonologist (D:10)
  3 blink frogs (Lair:1)
  2 shadows
  Eustachio (D:5)
  A wyvern (D:9)
  21 yaks
  A basilisk (Lair:1)
  An ice beast (D:7)
  2 orc warriors
  2 black bears
  2 sky beasts
  3 wolves (Lair:1)
  2 lemures (D:8)
  A phantom (D:7)
  2 kobold brigands (D:10)
  2 necrophages
  7 bullfrogs
  3 gnoll sergeants
  3 scorpions
  3 killer bees (D:10)
  A howler monkey (D:4)
  An orc priest (D:6)
  A hound (D:5)
  7 iguanas
  2 jellies
  2 gnoll boudas (D:5)
  Jessica (D:2)
  Ijyb (D:3)
  8 orc wizards
  25 gnolls
  8 adders
  A shadow imp (D:6)
  3 white imps
  A worm (D:3)
  A dart slug (D:2)
  28 orcs
  3 ball pythons
  5 endoplasms
  A giant cockroach (D:2)
  3 goblins
  7 hobgoblins
  12 kobolds
  6 quokkas
  A bat (D:1)
  3 frilled lizards
  8 rats
210 creatures vanquished.

Vanquished Creatures (others)
  A demonic plant (Gauntlet)
  A fungus (Lair:1)
2 creatures vanquished.

Grand Total: 212 creatures vanquished

Table legend:
 A = Non-vault XP
 B = Vault XP
 C = Vault XP percentage of total XP
 D = Non-vault monster count
 E = Vault monster count
 F = Vault count percentage of total count
                 A         B        C        D         E       F
            +---------+---------+-------+---------+---------+-------
      Total |   12539 |    2160 |  14.7 |     197 |      11 |   5.3
            +---------+---------+-------+---------+---------+-------
        D:1 |      23 |       0 |   0.0 |      14 |       0 |   0.0
        D:2 |     130 |      37 |  22.2 |      27 |       1 |   3.6
        D:3 |      28 |      36 |  56.2 |       8 |       1 |  11.1
        D:4 |      81 |       0 |   0.0 |       8 |       0 |   0.0
        D:5 |     836 |     211 |  20.2 |      22 |       1 |   4.3
        D:6 |     676 |       0 |   0.0 |      22 |       0 |   0.0
        D:7 |     731 |     220 |  23.1 |      23 |       3 |  11.5
        D:8 |    1333 |     685 |  33.9 |      18 |       1 |   5.3
        D:9 |    5457 |       0 |   0.0 |      32 |       0 |   0.0
       D:10 |    1297 |     228 |  15.0 |      13 |       2 |  13.3
     Lair:1 |    1947 |       0 |   0.0 |      10 |       0 |   0.0
   Gauntlet |       0 |     743 | 100.0 |       0 |       2 | 100.0
            +---------+---------+-------+---------+---------+-------

Illustrated notes

Table legend:
 A = Kills in this place as a percentage of kills in entire the game.
 B = Kills by you in this place as a percentage of kills by you in the entire game.
 C = Kills by friends in this place as a percentage of kills by friends in the entire game.
 D = Other kills in this place as a percentage of other kills in the entire game.
 E = Experience gained in this place as a percentage of experience gained in the entire game.
 F = Experience gained in this place divided by the number of levels of this place that you have seen.
                   A       B       C       D       E      F
               +-------+-------+-------+-------+-------+----------------------
         Total | 100.0 | 100.0 |   N/A |   N/A | 100.0 | 1130.7
       Dungeon |  94.2 |  94.2 |   N/A |   N/A |  81.7 | 1200.9
          Lair |   4.8 |   4.8 |   N/A |   N/A |  13.2 | 1947.0
      Gauntlet |   1.0 |   1.0 |   N/A |   N/A |   5.1 | 743.0
               +-------+-------+-------+-------+-------+----------------------

Table legend: (Time is in decaauts)
 A = Elapsed time spent in this place.
 B = Non-inter-level travel time spent in this place.
 C = Inter-level travel time spent in this place.
 D = Time resting spent in this place.
 E = Time spent auto-exploring this place.
 F = Levels seen in this place.
 G = Mean time per level.
                   A        B        C        D        E       F      G
               +--------+--------+--------+--------+--------+-----+--------+
         Total |  11364 |  10832 |    532 |    527 |   8885 |  13 |  874.2 |
       Dungeon |  10248 |   9758 |    490 |    439 |   8032 |  10 | 1024.8 |
        Temple |    363 |    321 |     42 |      0 |    310 |   1 |  363.0 |
          Lair |    483 |    483 |      0 |      0 |    390 |   1 |  483.0 |
      Gauntlet |    268 |    268 |      0 |     88 |    153 |   1 |  268.0 |
               +--------+--------+--------+--------+--------+-----+--------+

Top non-repeatable levels by time:
     D:5: 1427 daAuts
     D:2: 1312 daAuts
     D:9: 1210 daAuts
     D:7: 1105 daAuts
     D:6: 1083 daAuts
     D:1: 995 daAuts
     D:8: 899 daAuts
     D:4: 854 daAuts
    D:10: 852 daAuts
     D:3: 506 daAuts
  Lair:1: 483 daAuts
  Temple: 363 daAuts
Gauntlet: 268 daAuts
